 Dungeon Crawl Stone Soup version 0.27.1-34-g3ba077fa99 (webtiles) character file.

Game seed: 4539153338713254044

602 squill the Conjurer (level 7, -14/56 (58) HPs)
             Began as a Hill Orc Conjurer on Jan 8, 2022.
             Demolished by a two-headed ogre (26 damage)
             ... on level 5 of the Dungeon.
             The game lasted 00:13:48 (5887 turns).

squill the Conjurer (Hill Orc Conjurer)             Turns: 5887, Time: 00:13:49

HP:   -14/56 (58)   AC:  4    Str: 10    XL:     7   Next: 41%
MP:   0/11          EV: 11    Int: 20    God:
Gold: 190           SH:  0    Dex:  9    Spells: 2/12 levels left

rFire    + . .     SeeInvis .   a - +1 war axe (flame)
rCold    . . .     Faith    .   (no shield)
rNeg     . . .     Spirit   .   h - +1 leather armour {rF+}
rPois    .         Reflect  .   (no helmet)
rElec    .         Harm     .   (no cloak)
rCorr    .         Rampage  .   (no gloves)
Will     .....                  (no boots)
Stlth    +.........             (no amulet)
HPRegen  0.18/turn              (no ring)
MPRegen  0.12/turn              (no ring)

@: hasted, lightly drained, very quick
A: no striking features
a: no special abilities


You were on level 5 of the Dungeon.
You visited 1 branch of the dungeon, and saw 5 of its levels.

You collected 267 gold pieces.
You spent 77 gold pieces at shops.

Inventory:

Hand Weapons
 a - a +1 war axe of flaming (weapon)
 f - a +0 dagger
Armour
 e - a +0 ring mail
 h - a +1 leather armour of fire resistance (worn)
Scrolls
 b - 4 scrolls of identify {unknown}
 c - a scroll of enchant armour {unknown}
 d - 3 scrolls of amnesia {unknown}
 g - a scroll of enchant weapon {unknown}
 j - 2 scrolls of fear {unknown}
 k - a scroll of magic mapping {unknown}
 l - 3 scrolls of blinking {unknown}
 n - a scroll of acquirement {unknown}
Potions
 m - a potion of flight {unknown}
 o - a potion of invisibility {unknown}


   Skills:
 + Level 3.7 Fighting
 + Level 2.0 Axes
 - Level 2.8 Armour
 + Level 2.5 Dodging
 - Level 1.5 Stealth
 + Level 3.0 Spellcasting
 + Level 5.3 Conjurations
 + Level 2.3 Hexes


You had 2 spell levels left.
You knew the following spells:

 Your Spells              Type           Power      Damage    Failure   Level
a - Magic Dart            Conj           96%        1d7       2%          1
b - Searing Ray           Conj           48%        3d5       3%          2
c - Dazzling Flash        Conj/Hex       36%        N/A       12%         3
d - Fulminant Prism       Conj/Hex       9%         3d7       36%         4

Your spell library contained the following spells:

 Spells                   Type           Power      Damage    Failure   Level
 Sandblast                Erth           6%         2d5       19%         1
 Passwall                 Tmut/Erth      2%         N/A       28%         2
 Iskenderun's Mystic Bla  Conj/Tloc      13%        2d5       54%         4
 Lee's Rapid Deconstruct  Erth           1%         3d5*      99%         5


Dungeon Overview and Level Annotations

Branches:
Dungeon (5/15)
 Temple: D:4-7

Altars:

Shops:
D:4 *


Message History

Aiming: Magic Dart (safe; 2% risk of failure)
Press: ? - help, Shift-Dir - straight line, f/p - two-headed ogre
Aim: a two-headed ogre, wielding a +0 giant club and a +0 dire flail of draining (lightly wounded, 100% to hit)
The magic dart hits the two-headed ogre.
The two-headed ogre is lightly wounded.
Casting: Magic Dart (safe; 2% risk of failure)
Confirm with . or Enter, or press ? or * to list all spells.
Aiming: Magic Dart (safe; 2% risk of failure)
Press: ? - help, Shift-Dir - straight line, f/p - two-headed ogre
Aim: a two-headed ogre, wielding a +0 giant club and a +0 dire flail of draining (lightly wounded, 100% to hit)
The magic dart hits the two-headed ogre.
The two-headed ogre is lightly wounded.
There is a stone staircase leading up here.
Casting: Magic Dart (safe; 2% risk of failure)
Confirm with . or Enter, or press ? or * to list all spells.
Aiming: Searing Ray (safe; 3% risk of failure)
Press: ? - help, Shift-Dir - straight line, f/p - two-headed ogre
Aim: a two-headed ogre, wielding a +0 giant club and a +0 dire flail of draining (lightly wounded, 90% to hit)
The searing ray misses the two-headed ogre. (Press . to maintain the ray.)
The searing ray hits the two-headed ogre!
The two-headed ogre is moderately wounded.
The searing ray hits the two-headed ogre!
The two-headed ogre is moderately wounded.
The searing ray hits the two-headed ogre.
The two-headed ogre is heavily wounded.
You finish channeling your searing ray.
The two-headed ogre hits you with a +0 giant club!!
The two-headed ogre completely misses you.
You hit the two-headed ogre. You burn the two-headed ogre.
The two-headed ogre is heavily wounded.
The two-headed ogre hits you with a +0 giant club!!
The two-headed ogre hits you with a +0 dire flail of draining!
* * * LOW HITPOINT WARNING * * *
You feel drained.
* * * LOW HITPOINT WARNING * * *
Okay, then.
You feel yourself speed up.
The two-headed ogre hits you with a +0 giant club!!
You die...

##..^..#......
##.<....)...#
#.<.).......####
#.................
#................##
####.........###...
#.........# ##
#.....)O..#
#......@..#
#.........#
#.........#
#.........#
##.......##
##.....## #######


You could see a two-headed ogre.

Vanquished Creatures
  Menkaure (D:4)
  Edmund (D:5)
  2 scorpions (D:4)
  A centaur skeleton (D:3)
  An iguana (D:3)
  2 orc wizards
  5 adders
  2 worms
  4 dart slugs
  8 orcs
  6 ball pythons
  5 endoplasms
  3 giant cockroaches
  4 goblins
  5 hobgoblins
  8 jackals (D:2)
  7 kobolds
  6 quokkas
  2 bats
  4 frilled lizards
  6 rats
83 creatures vanquished.

Notes
Turn   | Place    | Note
-------+----------+-------------------------------------------
     0 | D:1      | squill the Hill Orc Conjurer began the quest for the Orb.
     0 | D:1      | Reached XP level 1. HP: 14/14 MP: 3/3
   111 | D:1      | Found a faded altar of an unknown god.
   313 | D:1      | Reached XP level 2. HP: 22/22 MP: 1/4
   348 | D:1      | Learned a level 2 spell: Searing Ray
   711 | D:1      | Reached skill level 1 in Fighting
  1230 | D:2      | Reached skill level 1 in Armour
  1259 | D:2      | Reached XP level 3. HP: 17/28 MP: 2/5
  2088 | D:2      | Reached XP level 4. HP: 31/35 MP: 2/7
  2859 | D:3      | Learned a level 3 spell: Dazzling Flash
  3213 | D:3      | Reached XP level 5. HP: 35/41 MP: 3/8
  3795 | D:3      | You fall into a shaft and drop 1 floor!
  3828 | D:4      | Found Nigur's General Store.
  3845 | D:4      | Bought a scroll of teleportation for 33 gold pieces
  3845 | D:4      | Bought a potion of curing for 33 gold pieces
  3845 | D:4      | Bought a potion of degeneration for 11 gold pieces
  3866 | D:4      | Noticed Menkaure
  3896 | D:4      | Reached skill level 1 in Hexes
  4018 | D:3      | Reached XP level 6. HP: 15/50 MP: 0/9
  5043 | D:4      | Killed Menkaure
  5044 | D:4      | Reached skill level 1 in Axes
  5044 | D:4      | Reached skill level 5 in Conjurations
  5113 | D:4      | Learned a level 4 spell: Fulminant Prism
  5339 | D:4      | Reached XP level 7. HP: 57/57 MP: 5/11
  5629 | D:5      | Entered Level 5 of the Dungeon
  5629 | D:5      | Noticed Edmund
  5646 | D:5      | Killed Edmund
  5873 | D:5      | Noticed a two-headed ogre
  5887 | D:5      | Demolished by a two-headed ogre

Illustrated notes

Levels and vault maps discovered:
D:1:      lemuel_arrival_broad_hall, layout_loops_ring, basic_ecumenical_altar,
          st_stairs_6, minmay_misc_feat_nine_boxes, amethyst_killhole
D:2:      minmay_chambers_of_ones, layout_loops_cross, kennysheep_generic_room_3
D:3:      layout_loops_ring, kennysheep_crisscross,
          hangedman_abyss_or_decor_lesser_grid
D:4:      layout_cave_pools, serial_shops, nicolae_shop_stone,
          roderic_roman_lattice, uniq_menkaure
D:5:      layout_rooms, mainiacjoe_overflow_chevrons, serial_shops, shop,
          uniq_blork_the_orc, uniq_ijyb, uniq_eustachio, uniq_edmund

Skill      XL: |  1  2  3  4  5  6  7 |
---------------+----------------------+-----
Fighting       | 1 2 3 |  3.7
Armour         | 1 2 |  2.8
Dodging        | 2 |  2.5
Spellcasting   | 2 3 |  3.0
Hexes          | 1 2 |  2.3
Axes           | 1 2 |  2.0
Conjurations   | 5 |  5.3
Stealth        | |  1.5

Action                   |  1- 3 |  4- 6 |  7- 9 || total
-------------------------+-------+-------+-------++-------
Melee: Whip              |     3 |       |       ||     3
       Dagger            |    33 |    25 |       ||    58
       War axe           |       |     1 |     7 ||     8
 Cast: Magic Dart        |    68 |    87 |    12 ||   167
       Searing Ray       |     4 |    14 |     4 ||    22
  Use: Potion            |       |     1 |     2 ||     3
       Scroll            |       |     1 |       ||     1
 Stab: Sleeping          |     1 |       |       ||     1
Armor: Robe              |    10 |       |       ||    10
       Leather armour    |       |    17 |     1 ||    18
       Ring mail         |       |     4 |       ||     4
Dodge: Dodged            |    26 |    38 |     7 ||    71
